 Dungeon Crawl Stone Soup version 0.29-a0-732-g3d7fbe0af2 (webtiles) character file.

Game seed: 3353251697653536426

43 buhh the Trooper (level 3, 0/39 HPs)
             Began as an Octopode Transmuter on June 29, 2022.
             Succumbed to an adder's poison
             ... on level 2 of the Dungeon.
             The game lasted 00:01:45 (1392 turns).

buhh the Trooper (Octopode Transmuter)              Turns: 1392, Time: 00:01:45

Health: 0/39       AC: 21    Str:  7 (9)  XL:     3   Next: 58%
Magic:  6/6        EV:  2    Int: 14 (17) God:
Gold:   62         SH:  0    Dex: 11 (12) Spells: 5/6 levels left

rFire   . . .      SeeInvis +     - Unarmed
rCold   . . .      Faith    .   (no shield)
rNeg    . . .      Spirit   .   (helmet currently unavailable)
rPois   +          Reflect  .   (no amulet)
rElec   .          Harm     .   h - ring of see invisible
rCorr   .          Rampage  .   (no ring)
Will    .....      NoTele   +   (no ring)
Stlth   +.........              (no ring)
HPRegen 0.13/turn               (no ring)
MPRegen 0.10/turn               (no ring)
                                (no ring)
                                (no ring)

@: lethally poisoned (0 -> -3), tree-form
A: stationary, stasis, torment immunity, boosted hp, almost no armour,
(amphibious), 8 rings, (camouflage 1), (gelatinous body 1), (nimble swimmer 1),
(tentacles)
a: no special abilities


You were on level 2 of the Dungeon.
You were a tree.
You visited 1 branch of the dungeon, and saw 2 of its levels.

You collected 62 gold pieces.

Inventory:

Jewellery
 h - a ring of see invisible (left branch)
Scrolls
 a - a scroll of acquirement {unknown}
 b - 3 scrolls of identify {unknown}
 d - a scroll of summoning {unknown}
 e - 2 scrolls of amnesia {unknown}
 g - a scroll of enchant weapon {unknown}
 i - a scroll of immolation {unknown}
 m - a scroll of noise {unknown}
 n - a scroll of vulnerability {unknown}
Potions
 j - a potion of curing {unknown}
 k - a potion of haste {unknown}


   Skills:
 + Level 3.2 Fighting
 - Level 2.0 Dodging
 - Level 1.0 Stealth
 - Level 3.0 Unarmed Combat
 - Level 2.0 Spellcasting
 - Level 2.0 Transmutations


You had 5 spell levels left.
You knew the following spells:

 Your Spells              Type           Power      Damage    Failure   Level
a - Beastly Appendage     Tmut           14%        N/A       11%         1

Your spell library contained the following spells:

 Spells                   Type           Power      Damage    Failure   Level
 Wereblood                Tmut           7%         N/A       16%         2
 Spider Form              Tmut/Pois      4%         N/A       43%         3
 Ice Form                 Ice/Tmut       4%         N/A       83%         4


Dungeon Overview and Level Annotations

Branches:
Dungeon (2/15) Zot: 10610

Altars:


Innate Abilities, Weirdness & Mutations

You are a tree.
Your roots penetrate the ground, keeping you stationary.
You cannot be teleported.
You are immune to unholy pain and torment.
Your maximum health is greatly increased.
You cannot wear most types of armour.
((You are amphibious.))
You can wear up to eight rings at the same time.
((Your skin changes colour to match your surroundings (Stealth+).))
((Your rubbery body absorbs attacks. (AC +1, EV +1)))
((You are camouflaged when in or above water. (Stealth+)))
((You have tentacles for arms and can constrict up to eight enemies at once.))


Message History

You feel very sick. The adder bites you. x2
You are lethally poisoned!
The adder poisons you!
You tentacle-slap the adder but do no damage.
Your grab misses the adder.
Your tentacle spike misses the adder.
The adder is lightly wounded.
You feel very sick. The adder closely misses you.
You tentacle-slap the adder. Your grab misses the adder.
Your tentacle spike misses the adder.
The adder is heavily wounded.
* * * LOW HITPOINT WARNING * * *
You feel very sick. The adder closely misses you.
It was a potion of degeneration.
There was something very wrong with that liquid.
You feel weakened.
You feel dopey.
You feel clumsy.
* * * LOW HITPOINT WARNING * * *
You feel sick. The adder closely misses you.
Really quaff the potion of lignification?
Your tentacle spike disappears.
You turn into a tree.
Your roots penetrate the ground.
* * * LOW HITPOINT WARNING * * *
You feel sick.
The adder bites you but does no damage. x2
You closely miss the adder.
The adder is heavily wounded.
* * * LOW HITPOINT WARNING * * *
You feel sick. The adder bites you but does no damage.
You closely miss the adder. You punch the adder.
The adder is almost dead.
* * * LOW HITPOINT WARNING * * *
You feel sick. The adder bites you but does no damage.
You hit the adder but do no damage.
The adder is almost dead.
* * * LOW HITPOINT WARNING * * *
You feel sick. The adder bites you but does no damage.
You closely miss the adder.
The adder is almost dead.
You die...

#.###.# ## #.# #.# #.#
#.# #.# . #.# $. #.# #.#
.. #.##.# #.# #.# ..#
..##.## #.# #.# .$
#.....# #.# #.#
#!##.##..# #.###.#
#S♣.##..#####......
#)##...............#
....#†.....##########
.............# #
#.####^.......##########
# #.######........... #.
############ #. .


You could see an adder.

Vanquished Creatures
  2 adders (D:2)
  2 endoplasms (D:1)
  A giant cockroach (D:1)
  2 goblins (D:1)
  2 hobgoblins (D:1)
  2 kobolds
  3 quokkas
  2 bats (D:2)
  3 frilled lizards
  5 rats
24 creatures vanquished.

Vanquished Creatures (others)
  3 fungi (D:2)
  A plant (D:2)
4 creatures vanquished.

Grand Total: 28 creatures vanquished

Notes
Turn   | Place    | Note
-------+----------+-------------------------------------------
     0 | D:1      | buhh the Octopode Transmuter began the quest for the Orb.
     0 | D:1      | Reached XP level 1. HP: 13/13 MP: 3/3
   519 | D:1      | Reached XP level 2. HP: 19/19 MP: 3/5
  1089 | D:2      | Reached XP level 3. HP: 17/25 MP: 4/6
  1391 | D:2      | HP: 1/39 [poisoned by an adder]
  1392 | D:2      | Succumbed to an adder's poison

Illustrated notes

Levels and vault maps discovered:
D:1:      lemuel_arrival_funnel, layout_basic, chequers_serial_rivers_small_3
D:2:      layout_loops_ring, shapermc_ecumenical_altar_rom_forum, minmay_tall_x

Skill      XL: |  1  2  3 |
---------------+----------+-----
Stealth        | 1 |  1.0
Fighting       | 2 3 |  3.2
Dodging        | |  2.0
Unarmed Combat | |  3.0
Spellcasting   | |  2.0
Transmutations | |  2.0

Action                   || total
-------------------------++-------
Melee: Unarmed           ||    60
       Kick              ||    14
       Constrict         ||    12
       Tentacles         ||    11
       Punch             ||     2
 Cast: Beastly Appendage ||    17
  Use: Potion            ||     3
 Stab: Sleeping          ||     2
Armor: Skin              ||     8
Dodge: Dodged            ||    18

Table legend: (Time is in decaauts)
 A = Elapsed time spent in this place.
 B = Non-inter-level travel time spent in this place.
 C = Inter-level travel time spent in this place.
 D = Time resting spent in this place.
 E = Time spent auto-exploring this place.
 F = Levels seen in this place.
 G = Mean time per level.
                   A        B        C        D        E       F      G
               +--------+--------+--------+--------+--------+-----+--------+
         Total |   1389 |   1374 |     15 |    387 |    820 |   2 |  694.5 |
       Dungeon |   1389 |   1374 |     15 |    387 |    820 |   2 |  694.5 |
               +--------+--------+--------+--------+--------+-----+--------+

Top non-repeatable levels by time:
     D:1: 1221 daAuts
     D:2: 167 daAuts
